 Dungeon Crawl Stone Soup version 0.31-a0-667-g39726597b9 (webtiles) character file.

Game seed: 10058912261544429216

30 Bravepunisher the Ducker (level 3, -4/19 HPs)
             Began as a Spriggan Monk on Sept 3, 2023.
             Slain by a centaur
             ... wielding a +0 rapier
              (7 damage)
             ... on level 6 of the Dungeon.
             The game lasted 00:02:34 (364 turns).

Bravepunisher the Ducker (Spriggan Monk)             Turns: 364, Time: 00:02:34

Health: -4/19      AC:  2    Str:  7    XL:     3   Next: 5%
Magic:  4/4        EV: 21    Int: 17    God:
Gold:   8          SH:  0    Dex: 25    Spells: 2/2 levels left

rFire   . . .        a - +0 short sword
rCold   . . .        d - orb {light}
rNeg    . . .        b - +0 robe
rPois   .            (helmet restricted)
rElec   .            (no cloak)
rCorr   .            (gloves unavailable)
SInv    +            (boots unavailable)
Will    .....        (no amulet)
Stlth   +            g - +6 ring of intelligence
HPRegen 0.23/turn    i - +6 ring of dexterity
MPRegen 0.09/turn

%: no passive effects
@: glowing, very quick
A: very small, no large weapons, unfitting armour, see invisible, speed 3
a: no special abilities


You were on level 6 of the Dungeon.
You visited 1 branch of the dungeon, and saw 7 of its levels.

You collected 8 gold pieces.

Inventory:

Hand Weapons
 a - a +0 short sword (weapon)
Armour
 b - a +0 robe (worn)
 d - an orb of light (worn)
 h - an orb of light
Jewellery
 g - a +6 ring of intelligence (left hand)
 i - a +6 ring of dexterity (right hand)
Wands
 j - a wand of acid (8)
Scrolls
 e - a scroll of blinking
Potions
 c - a potion of ambrosia
 f - a potion of brilliance {unknown}


   Skills:
 + Level 2.8 Fighting
 - Level 3.2 Short Blades
 * Level 5.1 Dodging


You had 2 spell levels left.
You didn't know any spells.
Your spell library contained the following spells:

 Spells                   Type           Power      Damage    Failure   Level
 Freeze                   Ice            0%         1d3       24%         1
 Frozen Ramparts          Ice            0%         1d1       56%         3
 Hailstorm                Conj/Ice       0%         3d3       56%         3


Dungeon Overview and Level Annotations

Branches:
Dungeon (7/15)
 Temple: D:4-7

Altars:
Ashenzari

Annotations:
D:4 1 transporter, hgbash's ghost, amateur SpSh


Innate Abilities, Weirdness & Mutations

You are very small and have problems with some larger weapons.
You are too small for most types of armour.
You have supernaturally acute eyesight. (SInv)
You cover ground extremely quickly. (Speed+++)


Message History

You kill the hound!
Your Dodging skill increases to level 5!
You have reached level 2!
You have reached level 3!
Your experience leads to an increase in your attributes!
Your base attributes are Str 7, Int 11, Dex 17.
Increase (S)trength, (I)ntelligence, or (D)exterity?
You feel agile. x2
A centaur comes into view. It is wielding a +0 rapier.
The centaur shouts!
The centaur unwields a +0 rapier.
The centaur wields a +0 orcbow.
The centaur shoots an arrow.
The arrow closely misses you.
The centaur unwields a +0 orcbow.
The centaur wields a +0 rapier.
The centaur misses you. The centaur kicks you.
You hit the centaur but do no damage. The centaur closely misses you.
The centaur misses you.
You hit the centaur.
The centaur is lightly wounded.
The centaur barely misses you. The centaur completely misses you.
You hit the centaur.
The centaur is moderately wounded.
The centaur misses you. The centaur kicks you. The centaur barely misses you.
The centaur closely misses you.
You hit the centaur.
The centaur is moderately wounded.
The centaur completely misses you. The centaur misses you.
You hit the centaur but do no damage.
The centaur is moderately wounded.
The centaur misses you. The centaur closely misses you.
You hit the centaur.
The centaur is heavily wounded.
The centaur hits you with a +0 rapier.
The centaur kicks you but does no damage.
The centaur hits you with a +0 rapier.
* * * LOW HITPOINT WARNING * * *
The centaur closely misses you.
You hit the centaur.
The centaur is heavily wounded.
The centaur hits you with a +0 rapier!
You die...

#..# #..# #..#
# #..# .#
###..##..
...... #..##
######.@c# .
#...o..#.......
#.............#
#..########.#.#
#..# #.# # #..#
#.#
#..########?#
#.!.....o...#
##.##.#.....# #


You could see a centaur and an orc.

Vanquished Creatures
  A hound (D:6)
  A giant cockroach (D:4)
2 creatures vanquished.

Notes
Turn   | Place    | Note
-------+----------+-------------------------------------------
     0 | D:1      | Bravepunisher the Spriggan Monk began the quest for the
                  | Orb.
     0 | D:1      | Reached XP level 1. HP: 11/11 MP: 2/2
    81 | D:4      | Found a transporter.
    83 | D:4      | Noticed a small abomination
    86 | D:5      | Entered Level 5 of the Dungeon
    93 | D:5      | Noticed a bullfrog
   103 | D:4      | Noticed hgbash's ghost (amateur SpSh)
   236 | D:5      | Noticed a jelly
   258 | D:5      | Noticed an iguana
   279 | D:6      | Found a broken altar of Ashenzari.
   335 | D:6      | Noticed a hound
   342 | D:6      | Killed a hound
   343 | D:6      | Reached skill level 5 in Dodging
   343 | D:6      | Reached XP level 2. HP: 10/16 MP: 3/3
   343 | D:6      | Reached XP level 3. HP: 12/19 MP: 4/4
   353 | D:6      | Noticed a centaur
   364 | D:6      | Slain by a centaur

Illustrated notes

Levels and vault maps discovered:
D:1:      minmay_arrival_floating_metal, layout_basic, serial_shops, shop,
          ebering_ecumenical_altar_ruins
D:2:      layout_loops_corners, basic_altar
D:3:      layout_loops_ring, portal_sewer_entry_d, serial_shops, shop,
          minmay_fractal_squares_diagonal_5
D:4:      layout_basic, minmay_temple_entry_slanted,
          gammafunk_ghost_abyssal_escape
D:5:      layout_basic
D:6:      layout_loops_ring, nicolae_ashenzari_skybound,
          nicolae_overflow_hidden_temple, kennysheep_mini
D:7:      layout_cave_pools, kennysheep_little_box, uniq_pikel

Skill      XL: |  1 |
---------------+----+-----
Dodging        | 5 |  5.1
Fighting       | |  2.8
Short Blades   | |  3.2

Action                     || total
---------------------------++-------
  Melee: Short sword       ||    13
  Evoke: Wand              ||     3
 Armour: Robe              ||    10
  Dodge: Dodged            ||    27

Table legend: (Time is in decaauts)
 A = Elapsed time spent in this place.
 B = Non-inter-level travel time spent in this place.
 C = Inter-level travel time spent in this place.
 D = Time resting spent in this place.
 E = Time spent auto-exploring this place.
 F = Levels seen in this place.
 G = Mean time per level.
                   A        B        C        D        E       F      G
               +--------+--------+--------+--------+--------+-----+--------+
         Total |    243 |    243 |      0 |     24 |     58 |   7 |   34.7 |
       Dungeon |    243 |    243 |      0 |     24 |     58 |   7 |   34.7 |
               +--------+--------+--------+--------+--------+-----+--------+

Top non-repeatable levels by time:
     D:5: 97 daAuts
     D:6: 65 daAuts
     D:4: 47 daAuts
     D:3: 18 daAuts
     D:2: 8 daAuts
     D:1: 5 daAuts
     D:7: 1 daAuts
